 Dungeon Crawl Stone Soup version 0.21.1-1-g345015fe64 (webtiles) character file.

3588 DwarfAlpaca the Zephyrmancer (level 10, -7/60 HPs)
             Began as a Tengu Air Elementalist on Apr 2, 2018.
             Killed from afar by DwarfAlpaca's ghost (17 damage)
             ... with a bolt of lightning
             ... on level 6 of the Dungeon.
             The game lasted 00:39:11 (9100 turns).

DwarfAlpaca the Zephyrmancer (TeAE)                 Turns: 9100, Time: 00:39:11

Health: -7/60      AC:  5    Str:  9    XL:     10   Next: 10%
Magic:  20/20      EV: 12    Int: 19    God:
Gold:   389        SH:  0    Dex: 14    Spells: 6/21 levels left

rFire    . . .     SeeInvis .   m - staff of conjuration
rCold    . . .     Gourm    +   (no shield)
rNeg     . . .     Faith    .   a - +0 robe
rPois    .         Spirit   .   (helmet restricted)
rElec    .         Reflect  .   p - scarf {cloud immunity}
rCorr    .         Harm     .   e - +2 pair of gloves
MR       .....                  (boots unavailable)
Stlth    ++........             n - amulet of the gourmand
HPRegen  0.20/turn              (no ring)
MPRegen  0.17/turn              (no ring)

@: no status effects
A: beak, talons 3, able to fly 1
a: Fly


You were on level 6 of the Dungeon.
You were completely stuffed.

You visited 2 branches of the dungeon, and saw 8 of its levels.

You collected 389 gold pieces.

Inventory:

Hand Weapons
 i - a -1 dagger
Armour
 a - a +0 robe (worn)
 e - a +2 pair of gloves (worn)
 p - a scarf of cloud immunity (worn)
Magical Staves
 m - an uncursed staff of conjuration (weapon)
Jewellery
 n - an amulet of the gourmand (around neck)
 s - an uncursed ring of positive energy {unknown}
Wands
 l - a wand of iceblast (11)
Scrolls
 f - 4 scrolls of identify
 h - 3 scrolls of magic mapping
 o - a scroll of teleportation {unknown}
 w - a scroll of blinking {unknown}
 x - a scroll of immolation {unknown}
 y - a scroll of remove curse
 z - 2 scrolls of amnesia
Potions
 d - 4 potions of curing
 g - a potion of berserk rage
 j - a potion of lignification
 k - 2 potions of haste {unknown}
 q - a potion of might
 r - 2 potions of flight {unknown}
 t - a potion of cancellation {unknown}
 u - a potion of brilliance {unknown}
 v - a potion of degeneration {unknown}
 A - a potion of resistance {unknown}
 C - a potion of magic {unknown}
Books
 b - a book of Air

   Spells                             Type                      Level
   a - Shock                          Conjuration/Air              1
   b - Swiftness                      Charms/Air                   2
   c - Static Discharge               Conjuration/Air              3
   d - Airstrike                      Air                          4
   e - Lightning Bolt                 Conjuration/Air              5
Comestibles
 c - 12 rations
 B - 9 chunks of flesh


   Skills:
 + Level 6.1 Fighting
 - Level 2.1 Dodging
 - Level 2.0 Stealth
 + Level 6.1 Spellcasting
 + Level 8.3 Conjurations
 * Level 12.1 Air Magic


You had 6 spell levels left.
You knew the following spells:

 Your Spells              Type           Power        Failure   Level  Hunger
a - Shock                 Conj/Air       ####         1%          1    None
b - Swiftness             Chrm/Air       ####....     1%          2    None
c - Static Discharge      Conj/Air       ######..     1%          3    ##.....
d - Airstrike             Air            ######....   1%          4    ####...
e - Lightning Bolt        Conj/Air       ######....   4%          5    #####..


Dungeon Overview and Level Annotations

Branches:
Dungeon (7/15)             Temple (1/1) D:7

Altars:
Ashenzari
Elyvilon
Fedhas
Gozag
Hepliaklqana
Kikubaaqudgha
Makhleb
Nemelex Xobeh
Okawaru
Qazlal
Trog
Uskayaw
Vehumet
Wu Jian
Xom
Yredelemnul
Zin

Annotations:
D:6 DwarfAlpaca's ghost, novice TeAE


Innate Abilities, Weirdness & Mutations

You have a beak for a mouth.
You have claws for feet.
You can fly.


Message History

The gnoll sergeant hits you from afar with an antimagic trident.
You feel your power leaking away. The gnoll closely misses you.
You climb upwards.
Level annotation: DwarfAlpaca's ghost, novice TeAE
There is a stone staircase leading down here.
DwarfAlpaca's ghost turns its malevolent gaze towards you.
The gnoll hits you with a flail.
There is an open door here.
DwarfAlpaca's ghost casts a spell at you.
The zap hits you!
* * * LOW HITPOINT WARNING * * *
There is an open door here.
The gnoll hits you.
* * * LOW HITPOINT WARNING * * *
DwarfAlpaca's ghost casts a spell.
DwarfAlpaca's ghost puts on a burst of speed!
DwarfAlpaca's ghost gestures at you while chanting.
The bolt of lightning hits you!
You die...

#.....#..##...###...##..#......
###....
#..#......#....+..#......
....###
#..#......'...##..#....##
....'(. #..##....##...#####....#
....#..##..##....##...##..#....#
....#.....................#....#
p...#......[..............#....#
..).#####..##....###..##..#....#
.......##..##...@###..##..#....#
.......'...#......g....#..#....#
.......#...#...........'..'....#
.......#############Wg#####....#
#######..........###..#........#
#..........#....#........#
#..........#....#........#
#..........####'#....#####
#########........##'##


You could see DwarfAlpaca's ghost and 2 gnolls.

Vanquished Creatures
  A two-headed ogre (D:7)
  Pikel (D:5)
  The ghost of KleinerIrrer the Chopper, a novice FoFi (D:4)
  Prince Ribbit (D:5)
  Sigmund (D:5)
  A black bear (D:6)
  4 ogres
  3 centaurs (D:5)
  A bullfrog (D:7)
  2 scorpions
  A wight (D:3)
  5 crimson imps
  5 orc priests
  8 orc wizards
  An iguana (D:3)
  4 worker ants
  A hound zombie (D:6)
  11 gnolls
  7 adders
  2 shadow imps (D:5)
  An adder skeleton (D:7)
  3 worms
  4 dart slugs
  4 leopard geckos
  29 orcs
  2 ball pythons
  2 giant cockroaches
  19 goblins
  12 hobgoblins
  8 jackals
  9 kobolds
  4 quokkas
  8 bats
  7 frilled lizards
  A leopard gecko zombie (D:5)
  5 rats
179 creatures vanquished.

Vanquished Creatures (others)
  2 worker ants (D:6)
  An orc (D:6)
3 creatures vanquished.

Grand Total: 182 creatures vanquished

Notes
Turn   | Place    | Note
-------+----------+-------------------------------------------
     0 | D:1      | DwarfAlpaca the Tengu Air Elementalist began the quest for the Orb.
     0 | D:1      | Reached XP level 1. HP: 10/10 MP: 4/4
   526 | D:1      | Reached XP level 2. HP: 16/16 MP: 6/6
  1042 | D:1      | Reached XP level 3. HP: 15/20 MP: 4/7
  1046 | D:1      | Learned a level 2 spell: Swiftness
  1069 | D:1      | Reached skill level 1 in Fighting
  1078 | D:1      | Learned a level 3 spell: Static Discharge
  1827 | D:2      | Reached skill level 5 in Air Magic
  1916 | D:2      | Reached XP level 4. HP: 24/25 MP: 6/8
  1951 | D:2      | Found an ancient bone altar of Kikubaaqudgha.
  1951 | D:2      | Found a bloodstained altar of Trog.
  2542 | D:3      | Found a shimmering altar of Xom.
  2591 | D:3      | Gained mutation: You can fly. [Tengu growth]
  2591 | D:3      | Reached XP level 5. HP: 25/30 MP: 4/10
  2969 | D:3      | Found a hide-covered altar of Uskayaw.
  3090 | D:3      | Reached skill level 6 in Air Magic
  3203 | D:3      | Learned a level 4 spell: Airstrike
  3408 | D:3      | Found a blossoming altar of Fedhas.
  3409 | D:3      | Found a transporter.
  3419 | D:3      | Found a transporter.
  3495 | D:4      | Noticed KleinerIrrer's ghost (novice FoFi)
  3594 | D:4      | Reached XP level 6. HP: 35/35 MP: 9/11
  3633 | D:5      | Entered Level 5 of the Dungeon
  4260 | D:5      | Noticed Sigmund
  4301 | D:5      | Noticed Prince Ribbit
  4318 | D:5      | HP: 1/36 [centaur/arrow (6)]
  4650 | D:3      | Reached skill level 7 in Air Magic
  4651 | D:3      | Reached XP level 7. HP: 37/40 MP: 4/13
  5198 | D:4      | Killed KleinerIrrer's ghost
  5198 | D:4      | Reached skill level 5 in Conjurations
  5198 | D:4      | Reached skill level 8 in Air Magic
  5715 | D:4      | Reached XP level 8. HP: 45/46 MP: 10/15
  6641 | D:5      | Killed Sigmund
  6641 | D:5      | Reached skill level 9 in Air Magic
  6940 | D:5      | Killed Prince Ribbit
  7192 | D:5      | Learned a level 5 spell: Lightning Bolt
  7228 | D:5      | Reached skill level 10 in Air Magic
  7228 | D:5      | Reached XP level 9. HP: 52/52 MP: 12/17
  7238 | D:5      | Found a burning altar of Makhleb.
  7240 | D:5      | Found a glowing silver altar of Zin.
  7240 | D:5      | Noticed an angel
  7240 | D:5      | Noticed an Executioner
  7481 | D:5      | Reached skill level 5 in Spellcasting
  7597 | D:5      | Reached skill level 5 in Fighting
  7895 | D:6      | Noticed Pikel
  7933 | D:5      | Killed Pikel
  7933 | D:5      | Reached skill level 11 in Air Magic
  8382 | D:6      | Noticed DwarfAlpaca's ghost (novice TeAE)
  8537 | D:7      | Found a sparkling altar of Nemelex Xobeh.
  8651 | D:7      | Noticed a two-headed ogre
  8669 | D:7      | Killed a two-headed ogre
  8669 | D:7      | Reached skill level 12 in Air Magic
  8669 | D:7      | Reached XP level 10. HP: 44/60 MP: 7/20
  8920 | D:7      | Found a staircase to the Ecumenical Temple.
  8943 | Temple   | Entered the Ecumenical Temple
  9100 | D:6      | Killed from afar by DwarfAlpaca's ghost

Skill      XL: |  1  2  3  4  5  6  7  8  9 |
---------------+----------------------------+-----
Conjurations   | 2 3 4 5 6 8 |  8.3
Fighting       | 1 2 3 4 6 |  6.1
Air Magic      | 5 6 7 8 10 12 | 12.1
Spellcasting   | 3 4 6 |  6.1
Dodging        | |  2.1
Stealth        | |  2.0

Action                   |  1- 3 |  4- 6 |  7- 9 | 10-12 || total
-------------------------+-------+-------+-------+-------++-------
Melee: Unarmed           |     9 |       |       |       ||     9
       Dagger            |    46 |   111 |    19 |       ||   176
       Kick              |     9 |    23 |     9 |     3 ||    44
       Peck              |     4 |    16 |     7 |     1 ||    28
       Staff             |       |       |    36 |     6 ||    42
 Cast: Shock             |    41 |    77 |    92 |     3 ||   213
       Airstrike         |       |     1 |    37 |       ||    38
       Static Discharge  |       |     1 |     5 |     2 ||     8
       Lightning Bolt    |       |       |     1 |     1 ||     2
 Abil: Fly               |       |       |     1 |       ||     1
  Use: Scroll            |       |    12 |     1 |       ||    13
 Stab: Sleeping          |     3 |     1 |     2 |     2 ||     8
  Eat: Chunk             |     4 |    23 |    20 |     2 ||    49
Armor: Robe              |    18 |    14 |    35 |     1 ||    68
Dodge: Dodged            |    47 |    79 |    73 |    10 ||   209
